 Dungeon Crawl Stone Soup version 0.17.0-23-g0de4337 (console) character file.

165 Kloppie the Covered (level 5, -3/34 HPs)
             Began as a Gargoyle Fighter on Nov 14, 2015.
             Was an Initiate of Ru.
             Killed from afar by an orc wizard (6 damage)
             ... with a puff of flame
             ... on level 3 of the Dungeon.
             The game lasted 00:05:01 (2642 turns).

Kloppie the Covered (Gargoyle Fighter)              Turns: 2642, Time: 00:05:01

Health: -3/34      AC: 14    Str: 19    XL:     5   Next: 46%
Magic:  5/5        EV:  7    Int:  9    God:    Ru [......]
Gold:   153        SH:  9    Dex: 10    Spells: 0 memorised, 4 levels left

rFire  . . .     SeeInvis .     a - +0 flail
rCold  . . .     Clarity  .     b - +0 scale mail
rNeg   + . .     SustAt   .     c - +0 shield
rPois  ∞         Gourm    .     r - +2 hat
rElec  +         Spirit   .     (no cloak)
rCorr  .         Warding  .     n - +0 pair of gloves
rMut   .         Stasis   .     (no boots)
MR     .....                    (no amulet)
Stlth  ..........               (no ring)
                                (no ring)

@: not resistant to hostile enchantments, extremely unstealthy
A: negative energy resistance 1, electricity resistance, unbreathing,
petrification resistance, rot immunity, AC +4
a: Renounce Religion


You were on level 3 of the Dungeon.
You worshipped Ru.
Ru was noncommittal.
You were very hungry.

You visited 1 branch of the dungeon, and saw 3 of its levels.

You collected 153 gold pieces.

Inventory:

Hand Weapons
 a - a +0 flail (weapon)
Armour
 b - a +0 scale mail (worn)
 c - a +0 shield (worn)
 n - a +0 pair of gloves (worn)
 r - a +2 hat (worn)
Jewellery
 h - an uncursed amulet of resist corrosion {unknown}
 v - a cursed ring of loudness {unknown}
Scrolls
 g - a scroll of identify {unknown}
 i - a scroll of teleportation {unknown}
 j - a scroll of random uselessness {unknown}
 k - a scroll of magic mapping {unknown}
 m - 2 scrolls of fear {unknown}
 o - a scroll of enchant armour {unknown}
 t - a scroll of fog {unknown}
 u - 2 scrolls of remove curse {unknown}
Potions
 d - a potion of might
 f - 2 potions of heal wounds {unknown}
 l - a potion of flight {unknown}
 p - a potion of invisibility {unknown}
 q - 2 potions of curing {unknown}
Comestibles
 e - 2 bread rations
 s - 5 meat rations


   Skills:
 + Level 4.5 Fighting
 + Level 3.6 Maces & Flails
 + Level 4.5 Armour
 - Level 3.2 Shields


You had 4 spell levels left.
You didn't know any spells.

Dungeon Overview and Level Annotations

Branches:
Dungeon (3/15)

Altars:
Ashenzari
Dithmenos
Elyvilon
Ru
Trog
Xom
Yredelemnul
The Shining One


Innate Abilities, Weirdness & Mutations

You are resistant to torment.
Your stone body is resilient (AC +4).
You are immune to poison.
You resist negative energy.
You are resistant to electric shocks.
You can survive without breathing.
You are immune to petrification.
You are immune to rotting.


Message History

The puff of flame hits you!
You miss something.
You hear some strange, mumbled words.
A puff of flame appears from out of thin air!
The puff of flame hits you!
* * * LOW HITPOINT WARNING * * *
You miss something. You block its attack.
You hear some strange, mumbled words.
A puff of flame appears from out of thin air!
The puff of flame hits you!
You miss something. Something hits you but does no damage.
Something hits you but does no damage.
You hit something but do no damage. Something hits you but does no damage.
Something hits you.
* * * LOW HITPOINT WARNING * * *
You barely miss something. Something hits you but does no damage.
You hear some strange, mumbled words.
A puff of flame appears from out of thin air!
The puff of flame hits you!
You die...

#### ## #.. .# #.# .#
####.####.# ###################
#.......#.# ..................#
#.##)##.#.#
####.#.#####.####<####[##......#
####.........)..@......####..<##
......####.####{#.###### #...#
..##..##.....##...# #...#
..###.#.......#...# ###.# ..#
#.#.......#.#### #.# .♣#
#....._......... #.# ♣♣
##.#.......#..... #.#
.♣##..#..o....#..... #.#
..##..##.....## ....


There were no monsters in sight!

Vanquished Creatures
  An orc priest (D:3)
  An orc wizard (D:3)
  2 adders (D:2)
  3 gnolls (D:2)
  An ooze (D:1)
  A worm (D:2)
  A giant gecko (D:1)
  7 orcs (D:3)
  A ball python (D:1)
  4 goblins
  4 hobgoblins
  3 kobolds
  A quokka (D:2)
  8 bats
  5 giant cockroaches
  5 giant newts (D:1)
  6 rats
54 creatures vanquished.

Notes
Turn   | Place    | Note
--------------------------------------------------------------
     0 | D:1      | Kloppie the Gargoyle Fighter began the quest for the Orb.
     0 | D:1      | Reached XP level 1. HP: 14/14 MP: 1/1
   172 | D:1      | Reached XP level 2. HP: 16/19 MP: 2/2
   766 | D:1      | Reached XP level 3. HP: 23/23 MP: 3/3
  1038 | D:2      | Found a sacrificial altar of Ru.
  1074 | D:2      | Became a worshipper of Ru the Awakened
  1155 | D:2      | Found a shadowy altar of Dithmenos.
  1225 | D:2      | Found a shattered altar of Ashenzari.
  1260 | D:2      | Found a glowing golden altar of the Shining One.
  1374 | D:2      | Found a white marble altar of Elyvilon.
  1410 | D:2      | Reached skill level 4 in Armour
  1410 | D:2      | Reached XP level 4. HP: 29/29 MP: 4/4
  1645 | D:2      | Found a shimmering altar of Xom.
  1815 | D:2      | Found a basalt altar of Yredelemnul.
  1971 | D:2      | Noticed an angel
  2040 | D:3      | Reached XP level 5. HP: 26/33 MP: 5/5
  2086 | D:3      | Found a bloodstained altar of Trog.
  2642 | D:3      | Killed from afar by an orc wizard

Action                   |  1- 3 |  4- 6 || total
-------------------------+-------+-------++-------
Melee: Flail             |   131 |   132 ||   263
  Eat: Chunk             |       |     5 ||     5
